 Dungeon Crawl Stone Soup version 0.15-a0-183-gc0cdb55 (webtiles) character file.

2023 PolkaDot the Jinx (level 8, 0/52 HPs)
             Began as a Vampire Enchanter on Apr 20, 2014.
             Slain by a centaur (5 damage)
             ... on Level 6 of the Dungeon.
             The game lasted 00:34:45 (8709 turns).

PolkaDot the Jinx (Vampire Enchanter)               Turns: 8709, Time: 00:34:45

HP   0/52        AC  4     Str  7      XL: 8   Next: 66%
MP  16/16        EV 13     Int 22      God:
Gold 386         SH  0     Dex 16      Spells:  5 memorised,  1 level left

rFire  + . .     SeeInvis +     a - +0 cutlass
rCold  + + .     Clarity  .     b - +1 robe
rNeg   + + +     Conserve .     (no shield)
rPois  +         rCorr    .     (no helmet)
rElec  .         rRot     +     (no cloak)
SustAb . .       Spirit   .     j - +0 pair of gloves
rMut   .         Warding  .     (no boots)
Saprov . . .     Stasis   .     i - amulet of faith
MR     .....                    (no ring)
                                f - ring of protection from fire {unknown}

@: non-regenerating, brilliant, not resistant to hostile enchantments, extremely
stealthy
A: bottle blood, fangs 3, see invisible, unbreathing
a: Bat Form, Bottle Blood


You were on level 6 of the Dungeon.
You were bloodless.

You visited 2 branches of the dungeon, and saw 7 of its levels.

You collected 386 gold pieces.

Inventory:

Hand weapons
 a - a +0,+0 cutlass (weapon)
 p - a +5,+1 dagger
Missiles
 d - 12 darts (quivered)
Armour
 b - a +1 robe (worn)
 j - a +0 pair of gloves (worn)
Scrolls
 h - 2 scrolls of recharging
 m - a scroll of immolation
 r - 2 scrolls of remove curse
Jewellery
 f - a ring of protection from fire (left hand) {unknown}
 i - an amulet of faith (around neck)
Potions
 e - a potion of restore abilities
 l - a potion of resistance
 t - a potion of lignification
Books
 c - a book of Maledictions

   Spells                             Type                      Level
   *Corona                            Hexes                        1
   *Sure Blade                        Hexes/Charms                 2
   *Ensorcelled Hibernation           Hexes/Ice                    2
   *Confuse                           Hexes                        3
   Dazzling Spray                     Conjuration/Hexes            3
   *Enslavement                       Hexes                        4


   Skills:
 - Level 5.0 Short Blades
 - Level 0.7 Throwing
 - Level 2.1 Dodging
 + Level 8.6 Stealth
 + Level 3.4 Spellcasting
 * Level 11.8 Hexes


You had one spell level left.
You knew the following spells:

 Your Spells              Type           Power        Failure   Level  Hunger
a - Corona                Hex            ######.      1%          1    None
b - Sure Blade            Hex/Chrm       #####.....   1%          2    #......
c - Confuse               Hex            ######..     1%          3    ###....
d - Ensorcelled Hibernat  Hex/Ice        #####.       1%          2    #......
e - Enslavement           Hex            ######..     1%          4    ####...


Dungeon Overview and Level Annotations

Branches:
Dungeon (6/15)             Temple (1/1) D:6

Altars:
Cheibriados
Dithmenos
Elyvilon
Makhleb
Nemelex Xobeh
Okawaru
Sif Muna
Trog
Vehumet
Xom
Yredelemnul
Zin


Innate Abilities, Weirdness & Mutations

You do not heal naturally.
You can bottle blood from corpses.
You have razor-sharp teeth.*
You have supernaturally acute eyesight.
You can survive without breathing.*


Message History

Things that are here:
a robe; a scimitar; a robe; a falchion
Things that are here:
a robe; a runed spear; a robe; a mace The centaur wields a bow.
The centaur shoots an arrow.
The arrow misses you.
The centaur shoots an arrow.
The arrow hits you!
* * * LOW HITPOINT WARNING * * *
You see here an arrow.
Drink which item? (? for menu, Esc to quit)
You feel clever all of a sudden.
It was a potion of brilliance.
Drink which item? (? for menu, Esc to quit)
Okay, then.
Read which item? (? for menu, Esc to quit)
Okay, then.
Okay, then.
You start waiting.
The centaur shoots an arrow.
The arrow hits you!
* * * LOW HITPOINT WARNING * * *
The centaur unwields an uncursed bow.
The centaur hits you.
You die...

###+### #..
#.....####.#
#.###.#..#.#
+.#>'.'.##.#
#.###.#..#.#
#.....#.##.# ..
###[###.##.###....
##[.......c.......
#..[.#.##@####
#.##.#.##(#
#.####.##.#
#.........#
######.#### #.#
#.# #.#########
#.........#


You could see a centaur.

Vanquished Creatures
  Edmund (D:5)
  A sky beast (D:5)
  An ice beast (D:4)
  An ogre (D:5)
  4 centaurs (D:5)
  A big kobold (D:3)
  5 wights (D:6)
  2 orc priests (D:5)
  A gnoll shaman (D:4)
  An iguana (D:4)
  2 worker ants
  A big fish (D:2)
  3 orc wizards (D:5)
  5 adders
  13 gnolls
  A worm zombie (D:5)
  A giant mite (D:3)
  5 worms
  An orc skeleton (D:5)
  3 giant geckos
  An ooze (D:3)
  10 orcs (D:5)
  2 ball pythons
  17 bats
  A bat zombie (D:5)
  4 giant cockroaches
  35 goblins
  25 hobgoblins
  12 jackals
  5 quokkas
  A ball python skeleton (D:4)
  9 giant newts
  A jackal zombie (D:5)
  16 kobolds
  13 rats
  A rat zombie (D:5)
206 creatures vanquished.

Notes
Turn   | Place    | Note
--------------------------------------------------------------
     0 | D:1      | PolkaDot, the Vampire Enchanter, began the quest for the Orb.
     0 | D:1      | Reached XP level 1. HP: 13/13 MP: 3/3
   257 | D:1      | Reached XP level 2. HP: 8/19 MP: 2/4
   279 | D:1      | Learned a level 2 spell: Ensorcelled Hibernation
   472 | D:1      | Reached skill level 5 in Hexes
  1575 | D:2      | Reached XP level 3. HP: 24/24 MP: 6/6
  1806 | D:2      | Learned a level 3 spell: Confuse
  1967 | D:2      | Reached skill level 6 in Hexes
  2126 | D:2      | Found a white marble altar of Elyvilon.
  2189 | D:2      | Reached XP level 4. HP: 30/30 MP: 4/7
  2334 | D:2      | Found a sparkling altar of Nemelex Xobeh.
  3172 | D:3      | Found a sparkling altar of Nemelex Xobeh.
  3229 | D:3      | Found a snail-covered altar of Cheibriados.
  3248 | D:3      | Reached XP level 5. HP: 35/35 MP: 0/9
  3339 | D:3      | Noticed a phantom
  3663 | D:3      | Reached skill level 7 in Hexes
  4311 | D:3      | Reached skill level 5 in Stealth
  4441 | D:3      | HP: 1/35 [gnoll/spear (6)]
  4442 | D:3      | Reached XP level 6. HP: 1/41 MP: 1/10
  5231 | D:3      | Noticed a big kobold
  5241 | D:3      | Killed a big kobold
  5241 | D:3      | Reached skill level 8 in Hexes
  6382 | D:4      | Reached skill level 9 in Hexes
  6382 | D:4      | Reached XP level 7. HP: 25/46 MP: 7/12
  6639 | D:5      | Entered Level 5 of the Dungeon
  7053 | D:5      | Reached skill level 5 in Short Blades
  7053 | D:5      | Reached skill level 10 in Hexes
  7059 | D:5      | Learned a level 4 spell: Enslavement
  7151 | D:5      | Reached XP level 8. HP: 52/52 MP: 7/14
  7674 | D:5      | Noticed Edmund
  7691 | D:5      | Killed Edmund
  7696 | D:5      | Learned a level 2 spell: Sure Blade
  7707 | D:5      | Reached skill level 11 in Hexes
  8343 | D:6      | Found a staircase to the Ecumenical Temple.
  8449 | Temple   | Entered the Ecumenical Temple
  8709 | D:6      | Slain by a centaur

Action                   |  1- 3 |  4- 6 |  7- 9 || total
-------------------------+-------+-------+-------++-------
Melee: Dagger            |    75 |   279 |   131 ||   485
Throw: Dart              |    26 |       |       ||    26
 Cast: Corona            |    11 |     2 |       ||    13
       Ensorcelled Hiber |    22 |    95 |    45 ||   162
       Confuse           |       |     7 |     7 ||    14
  Use: Potion            |       |     5 |     6 ||    11
       Scroll            |       |    11 |     2 ||    13
 Stab: Sleeping          |    30 |    72 |    33 ||   135
       Distracted        |     1 |       |       ||     1
       Confused          |       |     3 |     4 ||     7
